 Dungeon Crawl Stone Soup version 0.29-a0-559-g359e09b9d1 (webtiles) character file.

Game seed: 12316378233425278264

88 kae the Firebug (level 4, -5/24 HPs)
             Began as a Deep Elf Fire Elementalist on June 9, 2022.
             Splashed by a jelly's acid (10 damage)
             ... on level 1 of the Dungeon.
             The game lasted 00:01:37 (2711 turns).

kae the Firebug (Deep Elf Fire Elementalist)        Turns: 2711, Time: 00:01:38

Health: -5/24      AC:  2    Str:  5    XL:     4   Next: 30%
Magic:  8/11       EV: 13    Int: 22    God:
Gold:   81         SH:  0    Dex: 15    Spells: 3/9 levels left

rFire   . . .      SeeInvis .   (no weapon)
rCold   . . .      Faith    .   (no shield)
rNeg    . . .      Spirit   .   a - +0 robe
rPois   .          Reflect  .   (no helmet)
rElec   .          Harm     .   (no cloak)
rCorr   .          Rampage  .   (no gloves)
Will    .....                   (no boots)
Stlth   ++........              h - amulet of magic regeneration
HPRegen 0.08/turn               (no ring)
MPRegen 0.52/turn               (no ring)

@: no status effects
A: no striking features
a: no special abilities


You were on level 1 of the Dungeon.
You visited 1 branch of the dungeon, and saw 2 of its levels.

You collected 81 gold pieces.

Inventory:

Armour
 a - a +0 robe (worn)
Jewellery
 h - an amulet of magic regeneration (around neck)
Scrolls
 c - a scroll of fog {unknown}
 i - a scroll of immolation {unknown}
 j - a scroll of identify
Potions
 b - a potion of magic
 d - 2 potions of curing
 e - a potion of resistance
 f - a potion of might {unknown}
 g - a potion of attraction {unknown}


   Skills:
 + Level 0.9 Fighting
 + Level 3.0 Dodging
 - Level 2.4 Stealth
 + Level 3.4 Spellcasting
 * Level 2.6 Conjurations
 * Level 4.2 Fire Magic


You had 3 spell levels left.
You knew the following spells:

 Your Spells              Type           Power      Damage    Failure   Level
a - Foxfire               Conj/Fire      72%        2x1d7     3%          1
b - Scorch                Fire           44%        2d7       3%          2
c - Conjure Flame         Conj/Fire      18%        6-21      9%          3

Your spell library contained the following spells:

 Spells                   Type           Power      Damage    Failure   Level
 Beastly Appendage        Tmut           6%         N/A       12%         1
 Inner Flame              Hex/Fire       13%        N/A       14%         3
 Wereblood                Tmut           3%         N/A       19%         2
 Spider Form              Tmut/Pois      3%         N/A       34%         3
 Flame Wave               Conj/Fire      18%        2d6       28%         4


Dungeon Overview and Level Annotations

Branches:
Dungeon (2/15)

Altars:


Message History

You kill the jackal!
The giant cockroach barely misses you.
The giant cockroach waves its antennae.
Casting: Foxfire (safe; 3% risk of failure)
Confirm with . or Enter, or press ? or * to list all spells.
Flames lash the jelly.
The jelly is lightly wounded.
The jelly's fire resistance burns away.
The giant cockroach barely misses you. The jelly closely misses you.
The giant cockroach closely misses you. The jelly barely misses you.
The giant cockroach bites you but does no damage.
Casting: Scorch (safe; 3% risk of failure)
Confirm with . or Enter, or press ? or * to list all spells.
Flames lash the rat.
You kill the rat!
The jelly is no longer more vulnerable to fire.
The giant cockroach misses you. The jelly barely misses you.
Your Dodging skill increases to level 3!
The giant cockroach bites you but does no damage.
The jelly barely misses you.
Casting: Scorch (safe; 3% risk of failure)
Confirm with . or Enter, or press ? or * to list all spells.
You conjure some foxfire!
The giant cockroach bites you but does no damage.
The jelly hits you.
You are splashed with acid!
The foxfire hits the giant cockroach.
The giant cockroach is moderately wounded.
The foxfire hits the giant cockroach.
The giant cockroach is almost dead.
The giant cockroach closely misses you. The jelly misses you.
Casting: Foxfire (safe; 3% risk of failure)
Confirm with . or Enter, or press ? or * to list all spells.
You conjure some foxfire!
The giant cockroach bites you.
* * * LOW HITPOINT WARNING * * *
The giant cockroach bites you.
* * * LOW HITPOINT WARNING * * *
The jelly hits you.
* * * LOW HITPOINT WARNING * * *
You are splashed with acid!
You die...

#...#...###### ##.#..#
.......#.############## ##.#.#
#...#.................## #.#.#
.#.##.###############..# #.#.#
.#.##.#.............#..# #.#..
.#.##.#..........:..#..######.##.
.#.##.#.....wJJ.....#.........##.
.#.##.#######B#######..##.######.
...##.#......rhJ@v..#..##.# #.
..###.+⌠....###Bv§.⌠+.###(######)
..# #.#......<......#............
..# #.#..⌠...>...⌠..#...#.######.
..# #.###+#######'###.#.#.# #.
..# #.................#.#.#### #.
..# ########..####.####......# #.
..#### #####.#####.####......###.
.....###.........................


You could see a worm, a jelly (ally target), 2 endoplasms, a jackal, 2 giant
cockroaches and a rat.

Vanquished Creatures
  An adder (D:2)
  2 worms (D:2)
  2 dart slugs (D:1)
  3 endoplasms
  A giant cockroach (D:1)
  8 hobgoblins
  12 jackals
  3 quokkas
  2 ball pythons
  6 bats
  3 frilled lizards (D:1)
  3 goblins
  9 kobolds (D:1)
  10 rats
65 creatures vanquished.

Vanquished Creatures (others)
  203 foxfires
203 creatures vanquished.

Grand Total: 268 creatures vanquished

Notes
Turn   | Place    | Note
-------+----------+-------------------------------------------
     0 | D:1      | kae the Deep Elf Fire Elementalist began the quest for the
                  | Orb.
     0 | D:1      | Reached XP level 1. HP: 10/10 MP: 6/6
     0 | D:1      | Noticed a jelly
     1 | D:1      | Found a runed translucent door.
   403 | D:1      | Reached XP level 2. HP: 13/15 MP: 2/8
   406 | D:1      | Learned a level 2 spell: Scorch
  1246 | D:1      | Reached XP level 3. HP: 20/20 MP: 6/9
  1786 | D:2      | Reached skill level 4 in Fire Magic
  2225 | D:2      | Learned a level 3 spell: Conjure Flame
  2323 | D:2      | Reached XP level 4. HP: 24/24 MP: 8/11
  2711 | D:1      | Splashed by a jelly's acid

Illustrated notes

Levels and vault maps discovered:
D:1:      dpeg_arrival_caged_fury, layout_loops_ring, minmay_small_reverse_x
D:2:      layout_rooms, minmay_pentomino_r2

Skill      XL: |  1  2  3  4 |
---------------+-------------+-----
Conjurations   | 2 |  2.6
Fire Magic     | 4 |  4.2
Dodging        | 3 |  3.0
Fighting       | |  0.9
Stealth        | |  2.4
Spellcasting   | |  3.4

Action                   |  1- 3 |  4- 6 || total
-------------------------+-------+-------++-------
Melee: Unarmed           |    16 |       ||    16
       Punch             |     1 |       ||     1
 Cast: Foxfire           |    94 |    31 ||   125
       Scorch            |    13 |     4 ||    17
  Use: Scroll            |     4 |       ||     4
Armor: Robe              |    15 |     9 ||    24
Dodge: Dodged            |    35 |    18 ||    53

Table legend: (Time is in decaauts)
 A = Elapsed time spent in this place.
 B = Non-inter-level travel time spent in this place.
 C = Inter-level travel time spent in this place.
 D = Time resting spent in this place.
 E = Time spent auto-exploring this place.
 F = Levels seen in this place.
 G = Mean time per level.
                   A        B        C        D        E       F      G
               +--------+--------+--------+--------+--------+-----+--------+
         Total |   2712 |   2637 |     75 |    298 |   1887 |   2 | 1356.0 |
       Dungeon |   2712 |   2637 |     75 |    298 |   1887 |   2 | 1356.0 |
               +--------+--------+--------+--------+--------+-----+--------+

Top non-repeatable levels by time:
     D:1: 1985 daAuts
     D:2: 727 daAuts
